 Dungeon Sprint DCSS version 0.21-a0-401-g0b6bec4 (webtiles) character file.

21400000 Ordine the Ninja (level 27, -6/249 HPs)
             Began as a Formicid Fighter on Oct 24, 2017.
             Was the Champion of Makhleb.
             Killed by divine providence
             ... invoked by an observer
              (9 damage)
             ... in the Dungeon (Sprint VIII: "Arena of Blood").
             The game lasted 00:05:14 (214 turns).

Ordine the Ninja (Formicid Fighter)                  Turns: 214, Time: 00:05:15

Health: -6/249     AC: 13    Str: 32    XL:     27
Magic:  54/54      EV: 24    Int: 10    God:    Makhleb [******]
Gold:   0          SH: 19    Dex: 10    Spells: 80/80 levels left

rFire    + . .     SeeInvis +   l - +∞ Axe of Woe
rCold    . . .     Gourm    .   c - +0 shield
rNeg     . . .     Faith    .   b - +0 scale mail
rPois    .         Spirit   .   (helmet unavailable)
rElec    .         Reflect  .   (no cloak)
rCorr    .         Harm     .   (no gloves)
MR       ++...                  (no boots)
Stlth    ++++++++..             (no amulet)
HPRegen  0.51/turn              m - ring of protection from fire
MPRegen  0.34/turn              (no ring)

@: lethally poisoned (-6 -> -124)
A: permanent stasis, dig shafts and tunnels, four strong arms, antennae 3
a: Dig, Minor Destruction, Lesser Servant of Makhleb, Major Destruction, Greater
Servant of Makhleb, Renounce Religion


You were in the Dungeon.
You worshipped Makhleb.
Makhleb was exalted by your worship.
You were near starving.

You visited 1 branch

Inventory:

Hand Weapons
 a - a +0 war axe
 l - the +∞ Axe of Woe (weapon)
   (You found it in the Dungeon)
Armour
 b - a +0 scale mail (worn)
 c - a +0 shield (worn)
Jewellery
 m - a ring of protection from fire (left hand)
 n - a +30 ring of slaying
Scrolls
 k - a scroll of blinking
Potions
 d - a potion of might
 e - a potion of curing
 g - a potion of heal wounds
 h - a potion of haste
 i - 2 potions of magic
 j - a potion of berserk rage
Comestibles
 f - a bread ration


   Skills:
 O Level 27 Fighting
 O Level 27 Axes
 O Level 27 Throwing
 O Level 27 Armour
 O Level 27 Dodging
 O Level 27 Stealth
 O Level 27 Shields
 O Level 27 Unarmed Combat
 O Level 27 Spellcasting
 O Level 27 Invocations


You had 80 spell levels left.
You didn't know any spells.

Dungeon Overview and Level Annotations

Branches:
Dungeon (1/1)

Altars:
Makhleb


Innate Abilities, Weirdness & Mutations

You cannot be hasted, slowed, berserked, paralysed or teleported.
You can dig through walls and to a lower floor.
Your four strong arms can wield two-handed weapons with a shield.
You have a pair of large antennae on your head. (SInv)


Message History

The observer gazes at you. Something smites you!
* * * LOW HITPOINT WARNING * * *
Some rock shatters into small pieces.
You hear a shout!
The dread calls on the powers of darkness!
The observer convulses! x2; The fleshlord convulses!
The scourge convulses!
The bag of meat convulses!
The large bag of meat convulses!
The observer convulses!
The meat berserker convulses!
The bag of meat convulses!
The bag of meat shouts!
Your body is wracked with pain!
* * * LOW HITPOINT WARNING * * *
You hear a shout! x2
The accursed points at you and mumbles some strange words.
Something smites you!
* * * LOW HITPOINT WARNING * * *
The observer gazes at you. Something smites you!
You die...

#. ..#.#.# .... #..
oo.#.#o .... #.o##
oV#.#W# #....#
.MS#.#.
#.....#GWzG.po
#.........9W{.
####..OW..#...{{{{ {{
###M)..Gp.# #@O##.S..
#)## ##. #.)#
#.#)################
#.##.................
## ##################


You could see 2 accurseds, a destroyer, 3 observers, a scourge, 2 fleshlords, a
sculptor of flesh, a large bag of meat (inner flame), a wretched soul
(invisible), 3 dreads, a vile, a meat berserker (berserk) and 6 bags of meat.

Vanquished Creatures
  4 hell beasts (D)
  2 great orbs of eyes (D)
  2 wraiths (D)
  14 vampire knights (D)
  27 ogres (D)
  4 two-headed ogres (D)
  5 liches (D)
  2 hydras (D)
  88 orcs (D)
  A phantom (D)
  2 skeletal warriors (D)
  2 sea snakes (D)
  5 large abominations (D)
  4 small abominations (D)
  4 crawling corpses (D)
166 creatures vanquished.

Vanquished Creatures (others)
  3 crawling corpses (D)
3 creatures vanquished.

Grand Total: 169 creatures vanquished

Notes
Turn   | Place    | Note
-------+----------+-------------------------------------------
     0 | D        | Found the +∞ Axe of Woe
     0 | D        | Ordine the Formicid Fighter began the quest for the Orb.
     0 | D        | Reached XP level 1. HP: 18/18 MP: 1/1
     2 | D        | Noticed a bag of meat
     3 | D        | Noticed a bag of meat
     3 | D        | Became a worshipper of Makhleb the Destroyer
     4 | D        | Noticed a bag of meat
     4 | D        | Noticed a meat berserker
     6 | D        | Noticed a bag of meat
     6 | D        | Noticed a meat berserker
     7 | D        | Noticed a meat berserker
     7 | D        | Killed a bag of meat
     7 | D        | Reached skill level 10 in Axes
     7 | D        | Reached skill level 10 in Throwing
     7 | D        | Reached skill level 10 in Unarmed Combat
     7 | D        | Reached skill level 10 in Spellcasting
     7 | D        | Reached XP level 2. HP: 37/37 MP: 1/13
     7 | D        | Reached XP level 3. HP: 43/43 MP: 1/14
     7 | D        | Reached XP level 4. HP: 50/50 MP: 1/16
     7 | D        | Reached XP level 5. HP: 56/56 MP: 1/17
     7 | D        | Reached XP level 6. HP: 62/62 MP: 1/19
     7 | D        | Reached XP level 7. HP: 68/68 MP: 1/20
     7 | D        | Reached XP level 8. HP: 75/75 MP: 1/22
     7 | D        | Reached XP level 9. HP: 81/81 MP: 1/23
     7 | D        | Reached XP level 10. HP: 88/88 MP: 1/24
     7 | D        | Reached XP level 11. HP: 93/93 MP: 1/25
     7 | D        | Reached XP level 12. HP: 100/100 MP: 1/26
     7 | D        | Killed a meat berserker
     7 | D        | Reached * piety under Makhleb
     7 | D        | Reached skill level 15 in Shields
     7 | D        | Reached XP level 13. HP: 113/113 MP: 1/29
     7 | D        | Reached XP level 14. HP: 120/120 MP: 1/30
     8 | D        | Noticed a bag of meat
     8 | D        | Killed a bag of meat
     8 | D        | Reached skill level 15 in Fighting
     8 | D        | Reached skill level 15 in Armour
     8 | D        | Reached XP level 15. HP: 94/129 MP: 1/32
     8 | D        | Killed a meat berserker
     8 | D        | Reached skill level 15 in Axes
     8 | D        | Reached skill level 15 in Throwing
     8 | D        | Reached skill level 15 in Unarmed Combat
     8 | D        | Reached skill level 15 in Spellcasting
     8 | D        | Reached XP level 16. HP: 101/139 MP: 1/35
     9 | D        | Reached ** piety under Makhleb
    10 | D        | Killed a meat berserker
    10 | D        | Reached skill level 15 in Dodging
    10 | D        | Reached XP level 17. HP: 151/151 MP: 2/37
    11 | D        | Noticed a meat berserker
    12 | D        | Noticed a meat berserker
    12 | D        | Noticed a destroyer
    14 | D        | Noticed a destroyer
    14 | D        | Noticed a meat berserker
    15 | D        | Killed a meat berserker
    15 | D        | Reached XP level 18. HP: 160/160 MP: 3/39
    15 | D        | Reached *** piety under Makhleb
    15 | D        | Killed a destroyer
    15 | D        | Reached **** piety under Makhleb
    15 | D        | Reached XP level 19. HP: 174/174 MP: 3/43
    16 | D        | Noticed a meat berserker
    16 | D        | Noticed a meat berserker
    16 | D        | Noticed a meat berserker
    16 | D        | Reached skill level 15 in Invocations
    16 | D        | Reached XP level 20. HP: 182/182 MP: 3/44
    16 | D        | Reached ***** piety under Makhleb
    18 | D        | Reached skill level 27 in Stealth
    18 | D        | Reached XP level 21. HP: 194/194 MP: 4/47
    19 | D        | Killed a meat berserker
    19 | D        | Reached skill level 27 in Shields
    19 | D        | Reached XP level 22. HP: 206/206 MP: 4/49
    20 | D        | Killed a meat berserker
    20 | D        | Killed a meat berserker
    20 | D        | Reached ****** piety under Makhleb
    20 | D        | Reached skill level 27 in Fighting
    20 | D        | Reached skill level 27 in Armour
    20 | D        | Reached XP level 23. HP: 219/219 MP: 4/52
    21 | D        | Killed a destroyer
    21 | D        | Reached skill level 27 in Axes
    21 | D        | Reached skill level 27 in Throwing
    21 | D        | Reached skill level 27 in Unarmed Combat
    21 | D        | Reached skill level 27 in Spellcasting
    21 | D        | Reached skill level 27 in Invocations
    23 | D        | Reached skill level 27 in Dodging
    23 | D        | Reached XP level 24. HP: 227/227 MP: 5/54
    25 | D        | Reached XP level 25. HP: 234/234 MP: 6/54
    27 | D        | Noticed a large bag of meat
    30 | D        | Reached XP level 26. HP: 242/242 MP: 7/54
    30 | D        | Noticed a destroyer
    31 | D        | Noticed a destroyer
    31 | D        | Reached XP level 27. HP: 249/249 MP: 7/54
    33 | D        | Noticed a large bag of meat
    35 | D        | Noticed a destroyer
    35 | D        | Noticed a destroyer
    42 | D        | Noticed a destroyer
    43 | D        | Noticed a large bag of meat
    44 | D        | Killed a destroyer
    44 | D        | Killed a destroyer
    45 | D        | Noticed a tyrant
    45 | D        | Killed a destroyer
    45 | D        | Killed a large bag of meat
    46 | D        | Killed a destroyer
    48 | D        | Noticed a tyrant
    48 | D        | Killed a tyrant
    48 | D        | Killed a destroyer
    54 | D        | Noticed a tyrant
    56 | D        | Killed a large bag of meat
    59 | D        | Noticed a tyrant
    59 | D        | Noticed a destroyer
    59 | D        | Noticed a destroyer
    59 | D        | Killed a large bag of meat
    60 | D        | Killed a destroyer
    61 | D        | Noticed a large bag of meat
    62 | D        | Noticed a destroyer
    63 | D        | Noticed a destroyer
    65 | D        | Noticed a meat beast
    65 | D        | Killed a tyrant
    66 | D        | Killed a meat beast
    67 | D        | Killed a destroyer
    67 | D        | Killed a tyrant
    69 | D        | Noticed a tyrant
    70 | D        | Killed a large bag of meat
    70 | D        | Noticed a destroyer
    71 | D        | Killed a tyrant
    72 | D        | Killed a destroyer
    74 | D        | Killed a destroyer
    75 | D        | Killed a destroyer
    88 | D        | Killed a tyrant
   174 | D        | Noticed a dread
   174 | D        | Noticed a destroyer
   175 | D        | Noticed a dread
   175 | D        | Killed a dread
   187 | D        | Killed a destroyer
   191 | D        | Noticed a dread
   191 | D        | Noticed a dread
   196 | D        | Noticed a destroyer
   197 | D        | Noticed a meat beast
   197 | D        | Noticed a meat beast
   197 | D        | Killed a destroyer
   198 | D        | Noticed a meat beast
   201 | D        | Killed a meat beast
   203 | D        | Killed a meat beast
   206 | D        | Killed a dread
   207 | D        | Noticed a dread
   207 | D        | Killed a meat beast
   208 | D        | Noticed a large bag of meat
   210 | D        | Noticed an accursed
   210 | D        | Noticed a vile
   211 | D        | Noticed an accursed
   212 | D        | Noticed a fleshlord
   214 | D        | Noticed a destroyer
   214 | D        | Noticed a fleshlord
   214 | D        | HP: 3/249 [accursed/divine providence (13)]
   214 | D        | Killed from afar by an observer

Vault maps used:
D:        meatsprint

Skill      XL: |  1  2  3  4  5  6  7  8  9 10 11 12 13 14 15 16 17 18 19 20 21 22 23 |
---------------+----------------------------------------------------------------------+-----
Fighting       | 11 14 15 16 18 19 21 22 23 25 27 | 27.0
Axes           | 10 13 15 17 20 22 23 25 27 | 27.0
Throwing       | 10 12 13 15 16 17 20 22 23 25 27 | 27.0
Armour         | 11 14 15 16 18 19 21 22 23 25 27 | 27.0
Dodging        | 9 11 12 14 15 16 18 19 20 22 23 27 | 27.0
Stealth        | 12 16 17 18 20 22 24 25 27 | 27.0
Shields        | 12 15 16 17 19 20 23 25 27 | 27.0
Unarmed Combat | 10 12 13 15 16 17 20 22 23 25 27 | 27.0
Spellcasting   | 10 12 13 15 16 17 20 22 23 25 27 | 27.0
Invocations    | 8 14 15 19 21 24 27 | 27.0

Action                   |  1- 3 |  4- 6 |  7- 9 | 10-12 | 13-15 | 16-18 | 19-21 | 22-24 | 25-27 || total
-------------------------+-------+-------+-------+-------+-------+-------+-------+-------+-------++-------
Melee: Executioner's axe |     1 |       |       |       |     1 |     3 |     3 |     5 |    57 ||    70
 Abil: Dig               |       |       |       |       |       |       |       |       |     4 ||     4
 Stab: Distracted        |       |       |       |       |       |       |       |       |     1 ||     1
Armor: Scale mail        |       |       |       |       |       |       |       |       |     2 ||     2
Dodge: Dodged            |       |       |       |       |       |     1 |     1 |       |     8 ||    10
Block: Shield            |       |       |       |       |       |       |       |     2 |    10 ||    12

Table legend:
 A = Spawn XP
 B = Non-spawn XP
 C = Spawn XP percentage of total XP
 D = Spawn monster count
 E = Non-spawn monster count
 F = Spawn count percentage of total count
 G = Total turns spent on level
                    A         B        C        D         E        F      G
               +---------+---------+-------+---------+---------+-------+---------
         Total |       0 | 4672863 |   0.0 |       0 |     162 |   0.0 |   214
               +---------+---------+-------+---------+---------+-------+---------
             D |       0 | 4672863 |   0.0 |       0 |     162 |   0.0 |   214
               +---------+---------+-------+---------+---------+-------+---------
